 Dungeon Crawl Stone Soup version 0.28.0 (webtiles) character file.

Game seed: 1877853660858288724

7 AmazingTV the Grasshopper (level 1, 0/11 HPs)
             Began as a Spriggan Warper on Mar 23, 2024.
             Slain by a hobgoblin (3 damage)
             ... on level 1 of the Dungeon.
             The game lasted 00:01:00 (219 turns).

AmazingTV the Grasshopper (Spriggan Warper)          Turns: 219, Time: 00:01:01

Health: 0/11       AC:  2    Str:  7    XL:     1   Next: 83%
Magic:  5/5        EV: 17    Int: 14    God:
Gold:   0          SH:  0    Dex: 14    Spells: 5/5 levels left

rFire   . . .      SeeInvis +   a - +0 short sword {short}
rCold   . . .      Faith    .   (no shield)
rNeg    . . .      Spirit   .   b - +0 robe
rPois   .          Reflect  .   (helmet restricted)
rElec   .          Harm     .   (no cloak)
rCorr   .          Rampage  .   (gloves unavailable)
Will    .....                   (boots unavailable)
Stlth   ++........              (no amulet)
HPRegen 0.03/turn               (no ring)
MPRegen 0.09/turn               (no ring)

@: very quick
A: very small, no large weapons, unfitting armour, see invisible, speed 3
a: no special abilities


You were on level 1 of the Dungeon.
You visited 1 branch of the dungeon, and saw 1 of its levels.


Innate Abilities, Weirdness & Mutations

You are very small and have problems with some larger weapons.
You are too small for most types of armour.
You have supernaturally acute eyesight. (SInv)
You cover ground extremely quickly. (Speed+++)


   Skills:
 + Level 1.6 Fighting
 + Level 2.3 Short Blades
 - Level 1.0 Throwing
 + Level 3.3 Dodging
 + Level 0.9 Stealth
 + Level 2.8 Spellcasting
 + Level 4.5 Translocations


You had 5 spell levels left.
You didn't know any spells.
Your spell library contained the following spells:

 Spells                   Type           Power      Damage    Failure   Level
 Blink                    Tloc           28%        N/A       5%          2
 Gell's Gravitas          Tloc           14%        N/A       11%         3
 Lesser Beckoning         Tloc           14%        N/A       11%         3
 Teleport Other           Tloc           14%        N/A       11%         3
 Manifold Assault         Tloc           14%        N/A       67%         5

Inventory:

Hand Weapons
 a - a +0 short sword (weapon) {short}
Missiles
 d - 5 boomerangs of dispersal (quivered) {=f!f}
Armour
 b - a +0 robe (worn)
Scrolls
 c - a scroll of blinking {!r}
 e - a scroll of fog {unknown}

Dungeon Overview and Level Annotations

Branches:
Dungeon (1/15)

Altars:

#......... #...###...
##...#⌠#..? ....###....
#.......... +..........
########...###..####.#..
......).g@.........#....
.........#.........#....
.........#.........#...
.........#...........#
.........#......###..#
.........#......#⌠#..#
.........#......###..#
.........#...........#
#.........#.#


You could see a hobgoblin.


Message History

🤖 Initializing magus.rc ... ✅ Successfully initialized magus.rc [v1.9.6] Welcome, AmazingTV the Spriggan Warper.
Will you be the one to retrieve the breathtaking Orb of Zot from the depths?
Press ? for a list of commands and other information.
Found a staircase leading out of the dungeon.
A goblin comes into view. It is wielding a +0 club.
The goblin completely misses you.
You hit the goblin.
You kill the goblin!
You see here a +0 club {mace}.
A ball python comes into view.
The helpless ball python fails to defend itself.
You hit the ball python.
You kill the ball python!
You see here a ball python corpse.
Found a stone staircase leading down.
You see here a +1 leather armour of cold resistance.
A quokka comes into view.
A giant cockroach comes into view.
You hit the quokka but do no damage. The quokka bites you. 😕 HP[-2]
You take 2 damage, and now have 8/10 hp.
You hit the quokka but do no damage. The quokka closely misses you.
You hit the quokka. The quokka bites you. 😮 HP[-2]
You take 2 damage, and now have 6/10 hp.
You barely miss the quokka.
The quokka bites you but does no damage.
The quokka closely misses you.
You hit the quokka. The quokka barely misses you.
You barely miss the quokka. The quokka misses you.
You hit the quokka.
You kill the quokka!
You hit the giant cockroach.
You kill the giant cockroach!
Things that are here:
a giant cockroach corpse; a quokka corpse
e - a scroll labelled FIBOPU DAWAT 😎 HP[+4]
Your hp is fully restored (10).
A kobold comes into view. It is wielding a +0 dagger.
The kobold shouts!
A hobgoblin comes into view.
The hobgoblin shouts!
You hit the kobold.
The kobold hits you with a +0 dagger. 😕 HP[-1]
You take 1 damage, and now have 9/10 hp.
You hit the kobold but do no damage.
The kobold hits you with a +0 dagger. 😮 HP[-2]
You take 2 damage, and now have 7/10 hp.
You closely miss the kobold.
The kobold hits you with a +0 dagger. 😮 HP[-1]
You take 1 damage, and now have 6/10 hp.
You hit the kobold.
You kill the kobold! 😮 HP[+1]
You now have 11 max hp (+1).
You hit the hobgoblin. The hobgoblin misses you.
You hit the hobgoblin but do no damage. The hobgoblin hits you.
* * * LOW HITPOINT WARNING * * *
😨 HP[-4]
You take 4 damage, and now have 3/11 hp.
MASSIVE DAMAGE!! (PAUSE)
You hit the hobgoblin. The hobgoblin hits you.
You die...

Action                   || total
-------------------------++-------
Melee: Short sword       ||    17
 Stab: Sleeping          ||     1
Armor: Robe              ||     1
Dodge: Dodged            ||     6

Levels and vault maps discovered:
D:1:      ldierk_walled_garden_2, layout_basic, basic_ecumenical_altar,
          serial_glass, glass_columns_c, glass_columns_a, feat_on_display,
          feat_on_display, feat_on_display

Notes
Turn   | Place    | Note
-------+----------+-------------------------------------------
     0 | D:1      | AmazingTV the Spriggan Warper began the quest for the Orb.
     0 | D:1      | Reached XP level 1. HP: 10/10 MP: 5/5
     0 | D:1      | magus.rc [v1.9.6]
   219 | D:1      | Slain by a hobgoblin

Vanquished Creatures
  A ball python (D:1)
  A giant cockroach (D:1)
  A goblin (D:1)
  A kobold (D:1)
  A quokka (D:1)
5 creatures vanquished.

Table legend:
 A = Non-vault XP
 B = Vault XP
 C = Vault XP percentage of total XP
 D = Non-vault monster count
 E = Vault monster count
 F = Vault count percentage of total count
                 A         B        C        D         E       F
            +---------+---------+-------+---------+---------+-------
      Total |      10 |       0 |   0.0 |       5 |       0 |   0.0
            +---------+---------+-------+---------+---------+-------
        D:1 |      10 |       0 |   0.0 |       5 |       0 |   0.0
            +---------+---------+-------+---------+---------+-------

Illustrated notes

Table legend:
 A = Kills in this place as a percentage of kills in entire the game.
 B = Kills by you in this place as a percentage of kills by you in the entire game.
 C = Kills by friends in this place as a percentage of kills by friends in the entire game.
 D = Other kills in this place as a percentage of other kills in the entire game.
 E = Experience gained in this place as a percentage of experience gained in the entire game.
 F = Experience gained in this place divided by the number of levels of this place that you have seen.
                   A       B       C       D       E      F
               +-------+-------+-------+-------+-------+----------------------
         Total | 100.0 | 100.0 |   N/A |   N/A | 100.0 |  10.0
       Dungeon | 100.0 | 100.0 |   N/A |   N/A | 100.0 |  10.0
               +-------+-------+-------+-------+-------+----------------------

Table legend: (Time is in decaauts)
 A = Elapsed time spent in this place.
 B = Non-inter-level travel time spent in this place.
 C = Inter-level travel time spent in this place.
 D = Time resting spent in this place.
 E = Time spent auto-exploring this place.
 F = Levels seen in this place.
 G = Mean time per level.
                   A        B        C        D        E       F      G
               +--------+--------+--------+--------+--------+-----+--------+
         Total |    187 |    187 |      0 |      0 |    149 |   1 |  187.0 |
       Dungeon |    187 |    187 |      0 |      0 |    149 |   1 |  187.0 |
               +--------+--------+--------+--------+--------+-----+--------+

Top non-repeatable levels by time:
     D:1: 187 daAuts
